 Dungeon Sprint DCSS version 0.29.1-15-g9cfb28693d (webtiles) character file.

Game seed: 6074173785361847199

24322 Groucho the Spry (level 12, -5/51 HPs)
             Began as a Spriggan Earth Elementalist on Mar 18, 2023.
             Was the Champion of Dithmenos.
             Killed from afar by a hell hog (43 damage)
             ... with a fireball
             ... in the Dungeon (Sprint VII: "The Pits").
             The game lasted 00:25:43 (11660 turns).

Groucho the Spry (Spriggan Earth Elementalist)     Turns: 11660, Time: 00:25:44

Health: -5/51      AC:  4    Str:  8    XL:     12   Next: 79%
Magic:  10/33      EV: 32    Int: 20    God:    Dithmenos [******]
Gold:   51         SH:  0    Dex: 16    Spells: 40/44 levels left

rFire   . . .      SeeInvis +   m - +2 dagger (venom)
rCold   + . .      Faith    .   (no shield)
rNeg    . . .      Spirit   .   u - +2 robe {rC+}
rPois   .          Reflect  .   (helmet restricted)
rElec   .          Harm     .   (no cloak)
rCorr   .          Rampage  .   (gloves unavailable)
Will    ++...      NoTele   +   (boots unavailable) Stlth *+++++++++
                                (no amulet)
HPRegen 0.17/turn               h - +3 ring of evasion
MPRegen 0.23/turn               n - +3 ring of intelligence

@: wreathed by umbra, very quick
A: very small, no large weapons, unfitting armour, see invisible, speed 3
a: Renounce Religion, Shadow Step, Shadow Form


You were in the Dungeon.
You worshipped Dithmenos.
Dithmenos was exalted by your worship.
You visited 1 branch You collected 51 gold pieces.

Inventory:

Hand Weapons
 m - a +2 dagger of venom (weapon)
 s - a +2 rapier of electrocution
 t - a +6 sling of flaming
Missiles
 l - 10 stones
 z - 6 boomerangs
Armour
 a - a +0 robe
 u - a +2 robe of cold resistance (worn)
 v - a +2 robe of positive energy
Jewellery
 h - a +3 ring of evasion (left hand)
 n - a +3 ring of intelligence (right hand)
 w - a ring of fire
 y - a ring of fire
Scrolls
 g - a scroll of identify
 j - 5 scrolls of amnesia
 k - a scroll of summoning
 A - 4 scrolls of fear
 B - a scroll of blinking
 C - 4 scrolls of enchant armour
Potions
 b - 4 potions of magic
 c - 5 potions of curing
 d - 3 potions of heal wounds
 e - a potion of haste
 f - 12 potions of berserk rage
 i - 2 potions of invisibility
 o - 2 potions of might
 p - a potion of brilliance
 q - 2 potions of resistance
 r - 4 potions of mutation
 x - a potion of lignification


   Skills:
 - Level 10.0 Short Blades
 + Level 17.9 Dodging
 - Level 15.0 Stealth
 + Level 16.5 Spellcasting
 + Level 11.2 Conjurations
 - Level 1.3 Transmutations
 + Level 13.7 Earth Magic
 - Level 15.0 Invocations


You had 40 spell levels left.
You knew the following spells:

 Your Spells              Type           Power      Damage    Failure   Level
a - Sandblast             Erth           100%       2d20      0%          1
b - Stone Arrow           Conj/Erth      100%       3d13      1%          3

Your spell library contained the following spells:

 Spells                   Type           Power      Damage    Failure   Level
 Magic Dart               Conj           100%       1d8       1%          1
 Passwall                 Tmut/Erth      38%        N/A       1%          2
 Searing Ray              Conj           100%       2d8       1%          2
 Dazzling Flash           Conj/Hex       78%        N/A       1%          3
 Petrify                  Tmut/Erth      46%        N/A       1%          4
 Fulminant Prism          Conj/Hex       19%        3d11      3%          4
 Ensorcelled Hibernation  Hex/Ice        32%        N/A       5%          2
 Frozen Ramparts          Ice            32%        1d5       11%         3
 Polar Vortex             Ice            8%         N/A       100%        9


Dungeon Overview and Level Annotations

Branches:
Dungeon (1/1)

Altars:
Ashenzari
Cheibriados
Dithmenos
Elyvilon
Fedhas
Gozag
Hepliaklqana
Kikubaaqudgha
Makhleb
Nemelex Xobeh
Okawaru
Qazlal
Ru
Sif Muna
Trog
Uskayaw
Vehumet
Wu Jian
Xom
Yredelemnul
Zin
The Shining One
Jiyva
Lugonu


Innate Abilities, Weirdness & Mutations

You are very small and have problems with some larger weapons.
You are too small for most types of armour.
You have supernaturally acute eyesight. (SInv)
You cover ground extremely quickly. (Speed+++)


Message History

Confirm with . or Enter, or press ? or * to list all spells.
Aiming: Stone Arrow (safe; 1% risk of failure)
Press: ? - help, Shift-Dir - straight line The stone arrow hits the hell hog!
The hell hog is moderately wounded.
The rust devil screeches!
You hear a shout!
The hell hog breathes fire at you.
The fireball explodes!
The fireball engulfs you!!
Ouch! That really hurt!
You emit a cloud of dark smoke.
The fireball engulfs the hell hog.
The hell hog completely resists.
Unknown command.
You feel much better. The hell hog completely misses you.
Casting: Stone Arrow (safe; 1% risk of failure)
Confirm with . or Enter, or press ? or * to list all spells.
Aiming: Stone Arrow (safe; 1% risk of failure)
Press: ? - help, Shift-Dir - straight line, f - hell hog
Aim: a hell hog (black smoke, moderately wounded, catching its breath, umbra, 81% to hit)
The stone arrow hits the hell hog!!
The hell hog is severely wounded.
Your shadow mimicks your spell!
The shadow shard hits the hell hog!
The hell hog misses you.
Unknown command.
Casting: Stone Arrow (safe; 1% risk of failure)
Confirm with . or Enter, or press ? or * to list all spells.
Aiming: Stone Arrow (safe; 1% risk of failure)
Press: ? - help, Shift-Dir - straight line, f/p - hell hog
Aim: a hell hog (black smoke, almost dead, catching its breath, umbra, 81% to hit)
The stone arrow hits the hell hog!!
You kill the hell hog!
Dithmenos accepts your kill.
Your shadow mimicks your spell!
Unknown command.
Unknown command.
A hell hog comes into view.
The hell hog squeals angrily.
The hell hog breathes fire at you.
The fireball explodes!
The fireball engulfs you!!!
Ouch! That really hurt!
You die...

#..........# #..........#
+..#....#..# +..........#
#..........#
##############..#§§..#..#
............'4.§§§§.....#
............''.§@§§.....#
##########..##h§#§§§[#..#
#..##..........+ #..##..........+
#..####''####''# #..# #''#
#†'######### #..# ......
#..........)
##########..##.#+##.##.......)...
§§§.X.......##. .##..#########


You could see a hell hog (catching breath) and a rust devil.

Vanquished Creatures
  2 orc warlords (D)
  2 eidola (D)
  Josephine (D)
  A hydra (D)
  A boulder beetle (D)
  Erica (D)
  A naga warrior (D)
  A two-headed ogre (D)
  A hell hog (D)
  A vampire mage (D)
  A spriggan (D)
  A deep troll (D)
  A spriggan druid (D)
  2 flayed ghosts (D)
  A swamp dragon (D)
  A lindwurm (D)
  7 orc knights (D)
  A deep elf pyromancer (D)
  A wolf spider (D)
  2 orc sorcerers (D)
  A salamander (D)
  2 elephants (D)
  Joseph (D)
  A gargoyle (D)
  A smoke demon (D)
  A cane toad (D)
  An orange demon (D)
  A red devil (D)
  A komodo dragon (D)
  A hellwing (D)
  2 hornets (D)
  A troll (D)
  Grinder (D)
  A jumping spider (D)
  A wyvern (D)
  A shadow (D)
  5 wraiths (D)
  An air elemental (D)
  A ynoxinul (D)
  7 redbacks (D)
  A fire elemental (D)
  3 nagas (D)
  3 wargs (D)
  2 orc warriors (D)
  2 black bears (D)
  A swamp drake (D)
  3 wolves (D)
  A phantom (D)
  A gnoll sergeant (D)
  2 crimson imps (D)
  A hound (D)
  2 orc priests (D)
  A quasit (D)
  A gnoll bouda (D)
  An iron imp (D)
  Jessica (D)
  An orc wizard (D)
  2 small abominations (D)
  6 gnolls (D)
  2 ufetubi (D)
  An adder skeleton (D)
  3 orcs (D)
  A ball python (D)
  A giant cockroach (D)
  3 goblins (D)
  A hobgoblin (D)
  2 quokkas (D)
  A ball python zombie (D)
  3 bats (D)
  A kobold (D)
  A rat (D)
117 creatures vanquished.

Notes
Turn   | Place    | Note
-------+----------+-------------------------------------------
     0 | D        | Groucho the Spriggan Earth Elementalist began the quest for
                  | the Orb.
     0 | D        | Reached XP level 1. HP: 9/9 MP: 5/5
    16 | D        | Reached skill level 3 in Dodging
   332 | D        | Found a bloodstained altar of Trog.
   332 | D        | Found a shimmering blue altar of Sif Muna.
   332 | D        | Found a viscous altar of Jiyva.
   332 | D        | Found a hazy altar of Hepliaklqana.
   332 | D        | Found an opulent altar of Gozag.
   333 | D        | Found a glowing golden altar of the Shining One.
   333 | D        | Found a glowing silver altar of Zin.
   333 | D        | Found a basalt altar of Yredelemnul.
   333 | D        | Found a shimmering altar of Xom.
   333 | D        | Found an ornate altar of the Wu Jian Council.
   333 | D        | Found a sacrificial altar of Ru.
   333 | D        | Found a stormy altar of Qazlal.
   333 | D        | Found an iron altar of Okawaru.
   333 | D        | Found a sparkling altar of Nemelex Xobeh.
   333 | D        | Found a burning altar of Makhleb.
   333 | D        | Found a blossoming altar of Fedhas.
   333 | D        | Found a white marble altar of Elyvilon.
   333 | D        | Found a shadowy altar of Dithmenos.
   333 | D        | Found a snail-covered altar of Cheibriados.
   335 | D        | Found a radiant altar of Vehumet.
   335 | D        | Found a corrupted altar of Lugonu.
   336 | D        | Found a hide-covered altar of Uskayaw.
   336 | D        | Found an ancient bone altar of Kikubaaqudgha.
   336 | D        | Found a broken altar of Ashenzari.
   343 | D        | Became a worshipper of Dithmenos the Shadowed
   362 | D        | Reached skill level 1 in Conjurations
   370 | D        | Reached * piety under Dithmenos
   372 | D        | Reached XP level 2. HP: 13/13 MP: 1/7
   694 | D        | Reached ** piety under Dithmenos
   745 | D        | Noticed a crimson imp
   750 | D        | Reached skill level 4 in Dodging
   750 | D        | Reached XP level 3. HP: 16/16 MP: 5/9
   757 | D        | Reached *** piety under Dithmenos
   761 | D        | Reached XP level 4. HP: 19/21 MP: 0/11
   766 | D        | Reached skill level 5 in Earth Magic
   898 | D        | Reached **** piety under Dithmenos
   899 | D        | Reached skill level 5 in Dodging
   951 | D        | Noticed a gnoll sergeant
   980 | D        | Killed a gnoll sergeant
   981 | D        | Reached skill level 5 in Spellcasting
   981 | D        | Reached XP level 5. HP: 13/24 MP: 5/14
  1471 | D        | Reached skill level 6 in Dodging
  1471 | D        | Reached skill level 1 in Invocations
  1473 | D        | Noticed a deep troll
  1512 | D        | Killed a deep troll
  1512 | D        | Reached ***** piety under Dithmenos
  1513 | D        | Reached skill level 8 in Dodging
  1513 | D        | Reached skill level 10 in Stealth
  1513 | D        | Reached skill level 5 in Conjurations
  1513 | D        | Reached XP level 6. HP: 10/28 MP: 10/17
  1513 | D        | Reached XP level 7. HP: 11/32 MP: 11/19
  1875 | D        | Learned a level 3 spell: Stone Arrow
  1893 | D        | Noticed Grinder
  1896 | D        | Killed Grinder
  1918 | D        | Reached XP level 8. HP: 33/36 MP: 2/21
  2308 | D        | Reached skill level 9 in Dodging
  2560 | D        | Noticed an elephant
  2565 | D        | Killed an elephant
  2925 | D        | Noticed Joseph
  2944 | D        | Killed Joseph
  2945 | D        | Reached skill level 10 in Dodging
  2945 | D        | Reached XP level 9. HP: 18/39 MP: 1/23
  3327 | D        | Noticed a troll
  3327 | D        | Noticed Josephine
  3327 | D        | Noticed a gargoyle
  3327 | D        | Noticed a spriggan rider
  3343 | D        | Reached ****** piety under Dithmenos
  3346 | D        | Killed a spriggan rider
  3347 | D        | Reached skill level 15 in Stealth
  3347 | D        | Reached skill level 10 in Spellcasting
  3347 | D        | Reached skill level 10 in Invocations
  3511 | D        | Killed a troll
  3512 | D        | Reached skill level 11 in Dodging
  3557 | D        | Killed a gargoyle
  3558 | D        | Reached XP level 10. HP: 22/44 MP: 2/25
  3819 | D        | Reached skill level 5 in Short Blades
  3898 | D        | Noticed Erica
  3898 | D        | Noticed a two-headed ogre
  3918 | D        | Killed Josephine
  3923 | D        | Reached skill level 12 in Dodging
  4439 | D        | Noticed an orc knight
  4439 | D        | Noticed an orc sorcerer
  4449 | D        | Killed an orc sorcerer
  4450 | D        | Reached skill level 10 in Earth Magic
  4596 | D        | Killed an orc knight
  4905 | D        | Killed Erica
  5040 | D        | Noticed Jessica
  5042 | D        | Killed Jessica
  5167 | D        | Noticed an orange demon
  5168 | D        | Killed an orange demon
  5172 | D        | Reached skill level 13 in Dodging
  5514 | D        | Killed a two-headed ogre
  5515 | D        | Reached XP level 11. HP: 47/47 MP: 21/28
  5515 | D        | Paralysed by an air elemental for 1 turns
  5749 | D        | Noticed a naga warrior
  5927 | D        | Killed a naga warrior
  6141 | D        | Noticed a lindwurm
  6144 | D        | Noticed a swamp dragon
  7256 | D        | Killed a swamp dragon
  7257 | D        | Reached skill level 14 in Dodging
  7272 | D        | Killed a lindwurm
  7558 | D        | Got Zubry's Excursus on Hexes and the Winter
  7654 | D        | Noticed an orc sorcerer
  7657 | D        | Killed an orc sorcerer
  7814 | D        | Noticed a deep elf pyromancer
  7821 | D        | Killed a deep elf pyromancer
  8523 | D        | Noticed a five-headed hydra
  8529 | D        | Killed a five-headed hydra
  8896 | D        | Noticed a spriggan druid
  8896 | D        | Noticed a boulder beetle
  8900 | D        | Reached skill level 15 in Invocations
  8901 | D        | Killed a spriggan druid
  8902 | D        | Reached skill level 10 in Short Blades
  8902 | D        | Reached skill level 15 in Dodging
  8938 | D        | Killed a boulder beetle
  8939 | D        | Reached XP level 12. HP: 28/51 MP: 8/31
  9669 | D        | Noticed an eidolon
  9669 | D        | Noticed an orc warlord
  9669 | D        | Noticed an orc warlord
  9691 | D        | Killed an orc warlord
  9769 | D        | Killed an orc warlord
  9770 | D        | Reached skill level 16 in Dodging
  9770 | D        | Reached skill level 10 in Conjurations
  9841 | D        | Reached skill level 15 in Spellcasting
 11102 | D        | Killed an eidolon
 11103 | D        | Reached skill level 17 in Dodging
 11381 | D        | Noticed an eidolon
 11385 | D        | Killed an eidolon
 11594 | D        | Noticed a vampire mage
 11602 | D        | Killed a vampire mage
 11650 | D        | Noticed a hell hog
 11658 | D        | Killed a hell hog
 11659 | D        | Noticed a hell hog
 11660 | D        | Killed from afar by a hell hog

Illustrated notes

Levels and vault maps discovered:
D:        pitsprint [storerooms_1, entrance_room_1, metal_vault_3, armoury_2,
          mini_pit_1, grid_room_1, main_hall_1, silver_pit, the_coven_2,
          the_vestibule_1, steel_vault_1, golden_pit, hallway_of_sentries,
          crystal_vault_2, iron_vault_4, final_vault]

Skill      XL: |  1  2  3  4  5  6  7  8  9 10 11 12 |
---------------+-------------------------------------+-----
Dodging        | 3 4 5 8 10 11 13 15 17 | 17.9
Spellcasting   | 3 4 5 7 8 9 10 12 14 16 | 16.5
Earth Magic    | 3 4 6 7 8 9 10 12 13 | 13.7
Conjurations   | 1 2 3 4 5 6 7 8 9 11 | 11.2
Stealth        | 10 11 14 15 | 15.0
Invocations    | 6 7 9 10 13 15 | 15.0
Short Blades   | 2 4 7 10 | 10.0
Transmutations | |  1.3

Action                   |  1- 3 |  4- 6 |  7- 9 | 10-12 || total
-------------------------+-------+-------+-------+-------++-------
Melee: Dagger            |       |     2 |     1 |    28 ||    31
 Cast: Sandblast         |    21 |    20 |    14 |    32 ||    87
       Stone Arrow       |       |       |    37 |   195 ||   232
  Use: Potion            |       |     1 |       |     5 ||     6
       Scroll            |       |       |       |     2 ||     2
 Stab: Sleeping          |       |     1 |     1 |     1 ||     3
Armor: Robe              |     2 |       |     1 |     1 ||     4
Dodge: Dodged            |     6 |     7 |    33 |    79 ||   125
